 Dungeon Crawl Stone Soup version 0.23.2-1-ga50397a (webtiles) character file.

Game seed: 16253927306225876617

36 myga the Magician (level 3, -1/24 HPs)
             Began as a Mummy Fire Elementalist on May 18, 2019.
             Slain by an adder (3 damage)
             ... on level 2 of the Dungeon.
             The game lasted 00:04:51 (1284 turns).

myga the Magician (Mummy Fire Elementalist)         Turns: 1284, Time: 00:04:52

Health: -1/24      AC:  2    Str: 11    XL:     3   Next: 19%
Magic:  0/7        EV: 12    Int: 14    God:
Gold:   73         SH:  0    Dex: 13    Spells: 2/8 levels left

rFire    x . .     SeeInvis .   b - +0 dagger
rCold    + . .     Gourm    .   (no shield)
rNeg     + + +     Faith    .   a - +0 robe
rPois    ∞         Spirit   .   (no helmet)
rElec    .         Reflect  .   (no cloak)
rCorr    .         Harm     .   (no gloves)
MR       .....                  (no boots)
Stlth    ++........             (no amulet)
HPRegen  0.08/turn              (no ring)
MPRegen  0.10/turn              (no ring)

@: no status effects
A: no food or potions, fire vulnerability, cold resistance 1, negative energy
resistance 3, torment resistance, unbreathing
a: no special abilities


You were on level 2 of the Dungeon.
You were not hungry.

You visited 1 branch of the dungeon, and saw 2 of its levels.

You collected 73 gold pieces.

Inventory:

Hand Weapons
 b - a +0 dagger (weapon)
Missiles
 d - 17 stones (quivered)
 g - 19 arrows
Armour
 a - a +0 robe (worn)
 c - a +0 helmet
Scrolls
 e - a scroll of remove curse
 f - a scroll of immolation {unknown}
 h - a scroll of teleportation {unknown}


   Skills:
 + Level 0.2 Fighting
 + Level 2.0 Dodging
 + Level 1.7 Stealth
 + Level 3.3 Spellcasting
 + Level 0.9 Conjurations
 + Level 2.8 Fire Magic


You had 2 spell levels left.
You knew the following spells:

 Your Spells              Type           Power        Failure   Level  Hunger
a - Flame Tongue          Conj/Fire      #....        10%         1    N/A
b - Throw Flame           Conj/Fire      #.....       14%         2    N/A
c - Conjure Flame         Conj/Fire      #.......     28%         3    N/A

Your spell library contained the following spells:

 Spells                   Type           Power        Failure   Level  Hunger
 Inner Flame              Hex/Fire       #.......     34%         3    N/A
 Sticky Flame             Conj/Fire      #.......     67%         4    N/A
 Fireball                 Conj/Fire      #.........   95%         5    N/A

Dungeon Overview and Level Annotations

Branches:
Dungeon (2/15)

Altars:


Innate Abilities, Weirdness & Mutations

You do not eat or drink.
Your flesh is vulnerable to fire.
You are immune to poison.
Your flesh is cold resistant. (rC+)
You are immune to negative energy. (rN+++)
You are immune to unholy pain and torment.
You can survive without breathing.


Message History

The adder bites you.
* * * LOW HITPOINT WARNING * * *
Okay, then.
Casting: Flame Tongue (safe; 10% risk of failure)
Confirm with . or Enter, or press ? or * to list all spells.
Okay, then.
Unknown command.
The adder bites you.
* * * LOW HITPOINT WARNING * * *
You barely miss the adder. The adder barely misses you.
You see here a jackal corpse.
Casting: Flame Tongue (safe; 10% risk of failure)
Confirm with . or Enter, or press ? or * to list all spells.
Aiming: Flame Tongue (safe; 10% risk of failure)
Press: ? - help, Shift-Dir - straight line, f/p - adder
Aim: an adder The flame tongue misses the adder.
The adder closely misses you. The adder misses you.
You closely miss the adder. The adder bites you.
You die...

#### ... ......
..##......
...#...... #.
......... #..
......... #.#
###........
#.###.S........
###.##.@#..[.....
#...##.##g#......
#####......##.#
#..##
........%.<...# .#
#........####.......
#........# #....?..
#........# ........
.......... ....#..$
#.......... ..[.#.##


You could see an adder.

Vanquished Creatures
  An ooze (D:1)
  A dart slug (D:1)
  A leopard gecko (D:1)
  A ball python (D:1)
  4 bats (D:1)
  3 goblins (D:1)
  2 hobgoblins (D:1)
  8 jackals
  2 kobolds (D:1)
  A frilled lizard (D:1)
  A rat (D:1)
25 creatures vanquished.

Notes
Turn   | Place    | Note
-------+----------+-------------------------------------------
     0 | D:1      | myga the Mummy Fire Elementalist began the quest for the
                  | Orb.
     0 | D:1      | Reached XP level 1. HP: 13/13 MP: 4/4
   227 | D:1      | Reached skill level 3 in Spellcasting
   262 | D:1      | Reached XP level 2. HP: 15/19 MP: 3/6
   454 | D:1      | Learned a level 2 spell: Throw Flame
   682 | D:1      | Reached XP level 3. HP: 4/24 MP: 0/7
  1044 | D:1      | Learned a level 3 spell: Conjure Flame
  1284 | D:2      | Slain by an adder

Skill      XL: |  1  2 |
---------------+-------+-----
Spellcasting   | 3 |  3.3
Dodging        | 2 |  2.0
Fighting       | |  0.2
Stealth        | |  1.7
Conjurations   | |  0.9
Fire Magic     | |  2.8

Action                   || total
-------------------------++-------
Melee: Dagger            ||    32
Throw: Stone             ||     4
 Cast: Flame Tongue      ||    42
  Use: Scroll            ||     2
 Stab: Sleeping          ||     3
Armor: Robe              ||    20
Dodge: Dodged            ||    48
